 Dungeon Crawl Stone Soup version 0.17-a0-1181-gabc46e6 (webtiles) character file.

634 Chiseanne the Thrower (level 7, -3/41 HPs)
             Began as a Kobold Hunter on June 1, 2015.
             Was an Initiate of Gozag.
             Slain by an ogre
             ... wielding a +0 giant spiked club
              (20 damage)
             ... on level 4 of the Dungeon.
             The game lasted 00:17:44 (6094 turns).

Chiseanne the Thrower (Kobold Hunter)               Turns: 6094, Time: 00:17:44

Health: -3/41      AC:  8    Str: 11    XL:     7   Next: 79%
Magic:  7/7        EV: 16    Int:  9    God:    Gozag
Gold:   146        SH:  0    Dex: 18    Spells: 0 memorised, 6 levels left

rFire  . . .     SeeInvis .     a - +1 whip (elec)
rCold  . . .     Clarity  .     j - +1 ring mail
rNeg   . . .     SustAt   .     (shield restricted)
rPois  .         Gourm    .     (no helmet)
rElec  .         Spirit   .     (no cloak)
rCorr  .         Warding  .     i - +1 pair of gloves
rMut   +         Stasis   .     (no boots)
MR     .....                    v - amulet of resist mutation
Stlth  ..........               (no ring)
                                l - ring of loudness (curse)

@: not resistant to hostile enchantments, extremely unstealthy
A: carnivore 3
a: Potion Petition, Call Merchant, Bribe Branch, Renounce Religion


You were on level 4 of the Dungeon.
You worshipped Gozag.
Gozag was noncommittal.
You were completely stuffed.

You visited 2 branches of the dungeon, and saw 6 of its levels.

You collected 209 gold pieces.
You paid 63 gold pieces to Gozag.

Inventory:

Hand weapons
 a - a +1 whip of electrocution (weapon)
 r - a +0 blowgun
 s - a +1 flail of crushing
Missiles
 b - 5 tomahawks (quivered)
 c - 2 throwing nets
 d - 8 arrows
 g - 68 stones
 o - 12 arrows of frost
 p - 24 sling bullets
 q - 39 poisoned needles
Armour
 i - a +1 pair of gloves (worn)
 j - a +1 ring mail (worn)
Jewellery
 l - a cursed ring of loudness (left hand)
 v - an amulet of resist mutation (around neck)
Potions
 f - a potion of cancellation
 h - a potion of agility
 k - a potion of curing
 m - a potion of flight
 n - a potion of ambrosia
 t - a potion of heal wounds {unknown}
Comestibles
 e - 4 meat rations


   Skills:
 * Level 3.5 Fighting
 * Level 8.2 Throwing
 * Level 2.4 Armour
 * Level 6.0 Dodging
 - Level 1.3 Stealth


You had 6 spell levels left.
You didn't know any spells.

Dungeon Overview and Level Annotations

Branches:
Dungeon (5/15)             Temple (1/1) D:4

Altars:
Ashenzari
Cheibriados
Dithmenos
Elyvilon
Fedhas
Gozag
Kikubaaqudgha
Makhleb
Okawaru
Ru
Sif Muna
Trog
Xom
Zin
The Shining One

Annotations:
D:5 Mulkerokala's ghost, experienced DrFE


Innate Abilities, Weirdness & Mutations

You are small and have problems with some larger weapons.
You are carnivorous and can eat meat at any time.


Message History

The tomahawk hits the ogre!
The ogre is moderately wounded.
Throwing (i - inventory. (,) - cycle):
b - 6 tomahawks (quivered)
Press: ? - help, Shift-Dir - straight line, f/p - ogre
Aim: an ogre, wielding a giant spiked club (moderately wounded)
You throw a tomahawk.
The tomahawk hits the ogre but does no damage.
The ogre is moderately wounded.
The ogre hits you with a giant spiked club!!
Ouch! That really hurt!
You hit the ogre.
The ogre is moderately wounded.
The ogre completely misses you.
You hit the ogre.
The ogre is heavily wounded.
You hit the ogre.
The ogre is heavily wounded.
The ogre hits you with a giant spiked club!!
You die...
Your body crumbles into a pile of gold.

##### ≈.≈≈## ...# ####≈#
...# ≈≈##≈# #### ....#
##≈#≈# ##..## ....
.#≈#.###....# ..(
##≈#≈#..<..# ###(#
≈≈≈#.####.########...#
####.#..........@O.#.#
.≈≈†#####.########...#
#####.###.# ##..#.#
##.##.##..# ##.....##
.#.##.#..## ##.......##
)..##...######.........#
#.#####................#
)##...##.##.##.........#
..'.).#..##.##.........#


You could see an ogre.

Vanquished Creatures
  An ogre (D:4)
  A scorpion (D:4)
  A hound (D:4)
  An orc wizard (D:3)
  A giant frog skeleton (D:4)
  An orc priest (D:3)
  An iguana (D:4)
  2 worker ants
  A hound skeleton (D:4)
  7 gnolls
  A river rat (D:4)
  11 adders
  2 oozes (D:4)
  A worm (D:2)
  7 giant geckos
  5 orcs
  A ball python (D:1)
  13 goblins
  7 hobgoblins
  8 jackals
  12 kobolds
  15 bats
  7 giant cockroaches
  3 giant newts
  19 rats
  A plant (D:3)
130 creatures vanquished.

Notes
Turn   | Place    | Note
--------------------------------------------------------------
     0 | D:1      | Chiseanne the Kobold Hunter began the quest for the Orb.
     0 | D:1      | Reached XP level 1. HP: 12/12 MP: 1/1
   276 | D:1      | Reached XP level 2. HP: 9/17 MP: 2/2
   588 | D:1      | Reached skill level 6 in Throwing
  1062 | D:1      | Reached XP level 3. HP: 21/21 MP: 3/3
  1815 | D:2      | Reached XP level 4. HP: 27/27 MP: 4/4
  2094 | D:2      | Reached skill level 7 in Throwing
  2490 | D:2      | Reached skill level 1 in Armour
  2668 | D:3      | Found a shimmering altar of Xom.
  2819 | D:3      | Reached XP level 5. HP: 31/31 MP: 5/5
  2868 | D:3      | Found an ancient bone altar of Kikubaaqudgha.
  3463 | D:3      | Reached XP level 6. HP: 36/36 MP: 6/6
  3964 | D:4      | Found a staircase to the Ecumenical Temple.
  3981 | D:5      | Entered Level 5 of the Dungeon
  3984 | D:5      | Reached skill level 8 in Throwing
  4200 | D:5      | Found a sacrificial altar of Ru.
  4258 | D:5      | Noticed Mulkerokala's ghost (experienced DrFE)
  4698 | D:4      | Reached XP level 7. HP: 38/41 MP: 7/7
  4871 | D:4      | Reached skill level 5 in Dodging
  5701 | Temple   | Entered the Ecumenical Temple
  5970 | Temple   | Became a worshipper of Gozag Ym Sagoz the Greedy
  6094 | D:4      | Slain by an ogre

Vault maps used:
D:1:      lemuel_arrival_muddy, corexii_corridor_pit
D:3:      wad_pebble_path, xom_teletrap_fun, kiku_gazebo_garden_becter,
          minmay_stone_trees_small
D:4:      minmay_temple_entry_water_ring, gup_sewer_entry_spiral,
          minmay_ogre_servants
D:5:      old_standard_altar, nemelex_deck, first_bread, uniq_pikel
Temple:   oiseaux_autumnal_temple_12

Action                   |  1- 3 |  4- 6 |  7- 9 || total
-------------------------+-------+-------+-------++-------
Melee: Short sword       |    79 |   168 |       ||   247
       Dagger            |       |    49 |    26 ||    75
       Whip              |       |       |    54 ||    54
       Flail             |       |       |     5 ||     5
Throw: Tomahawk          |    48 |    72 |    13 ||   133
       Throwing net      |       |     3 |       ||     3
       Stone             |       |    23 |       ||    23
  Use: Scroll            |     6 |    14 |     1 ||    21
       Potion            |       |     1 |     3 ||     4
 Stab: Sleeping          |     2 |     4 |       ||     6
       Held in net/web   |       |     1 |       ||     1
  Eat: Chunk             |    10 |    10 |     5 ||    25
